 Dungeon Crawl Stone Soup version 0.28.0-53-g5a82cb258f (webtiles) character file.

Game seed: 14519326855260706515

9936 cbfl8 the Cleaver (level 11, -16/104 HPs)
             Began as a Minotaur Berserker on July 16, 2022.
             Was an Elder of Trog.
             Blown up by an orb spider (49 damage)
             ... with an orb of destruction
             ... on level 2 of the Abyss.
             The game lasted 00:17:29 (11115 turns).

cbfl8 the Cleaver (Minotaur Berserker)             Turns: 11115, Time: 00:17:29

Health: -16/104    AC: 17    Str: 21    XL:     11   Next: 29%
Magic:  10/10      EV: 10    Int: 12    God:    Trog [****..]
Gold:   531        SH:  4    Dex: 15    Spells: 10/10 levels left

rFire   . . .      SeeInvis .   u - +0 war axe (spect)
rCold   . . .      Faith    .   t - +0 buckler
rNeg    . . .      Spirit   .   y - +3 chain mail of Liberalism {Int+2 Stlth+}
rPois   .          Reflect  .   (helmet restricted)
rElec   .          Harm     .   k - scarf {repulsion}
rCorr   .          Rampage  .   D - +0 pair of gloves
Will    ++...                   x - +0 pair of boots
Stlth   ..........              o - amulet of regeneration
HPRegen 2.07/turn               z - +6 ring of intelligence
MPRegen 0.12/turn               (no ring)

@: strong-willed, on berserk cooldown, regenerating, slowed, repel missiles,
very slow
A: horns 2, retaliatory headbutt
a: Renounce Religion, Berserk, Trog's Hand, Brothers in Arms


You were on level 2 of the Abyss.
You worshipped Trog.
Trog was greatly pleased with you.
You visited 1 branch of the dungeon, and saw 11 of its levels.
You visited the Abyss 1 time.

You collected 659 gold pieces.
You spent 128 gold pieces at shops.

Inventory:

Hand Weapons
 c - a +2 rapier of holy wrath
 u - a +0 spectral war axe (weapon)
 F - a +0 battleaxe
Missiles
 E - 2 throwing nets (quivered)
Armour
 k - a scarf of repulsion (worn)
 r - a +0 plate armour
 t - a +0 buckler (worn)
 x - a +0 pair of boots (worn)
 y - the +3 chain mail of Liberalism (worn) {Int+2 Stlth+}
   (You found it on level 5 of the Dungeon)

   Int:       It affects your intelligence (+2).
   Stlth:     It makes you more stealthy.
 D - a +0 pair of gloves (worn)
Jewellery
 o - an amulet of regeneration (around neck)
 p - an amulet of faith
 z - a +6 ring of intelligence (left hand)
Wands
 A - a wand of flame (12)
 I - a wand of mindburst (6)
 L - a wand of digging (8)
Scrolls
 f - a scroll of immolation {unknown}
 s - a scroll of magic mapping
 v - a scroll of fear
 w - a scroll of enchant weapon
 B - 2 scrolls of enchant armour {unknown}
 C - a scroll of holy word {unknown}
 G - a scroll of silence {unknown}
 H - a scroll of noise {unknown}
Potions
 a - a potion of berserk rage {unknown}
 b - a potion of resistance {unknown}
 d - 2 potions of degeneration {unknown}
 e - 2 potions of attraction {unknown}
 g - 3 potions of curing
 h - 2 potions of flight {unknown}
 j - a potion of haste
 l - a potion of lignification
 n - 2 potions of might {unknown}
 q - a potion of magic {unknown}
 J - a potion of brilliance {unknown}


   Skills:
 * Level 11.8 Fighting
 + Level 5.4 Short Blades
 + Level 12.1(12.2) Axes
 + Level 2.9(8.3) Polearms
 + Level 10.9 Armour
 + Level 4.9 Dodging
 + Level 1.5 Stealth
 + Level 1.6 Shields


You had 10 spell levels left.
You didn't know any spells.
Your spell library was empty.

Dungeon Overview and Level Annotations

Branches:
Dungeon (11/15)            Temple (0/1) D:6            Lair (0/6) D:11
    Orc (0/2) D:10

Altars:
Cheibriados
Kikubaaqudgha
Qazlal
Xom

Shops:
D:3 :   D:4 ?   D:6 [   D:9 (:=:!


Innate Abilities, Weirdness & Mutations

You have a pair of horns on your head.
You reflexively headbutt those who attack you in melee.


Message History

Your ogre holds its ground!
The orb spider bites your ogre!
Your ogre dies!
Your ogre's corpse disappears in a puff of smoke!
The orb spider pulsates with a strange energy.
The boulder beetle leaps!
A wight comes into view. It is wielding a +0 halberd.
Your skin crawls.
You feel strong-willed.
The boulder beetle curls into a ball and begins rolling!
A boulder beetle comes into view.
The thrashing horror completely misses you.
The thrashing horror tramples you.
* * * LOW HITPOINT WARNING * * *
You hold your ground!
Okay, then.
Okay, then.
Okay, then.
The thrashing horror roars!
The thrashing horror tramples you.
* * * LOW HITPOINT WARNING * * *
You stumble backwards!
A wight comes into view. It is wielding a +0 short sword.
The thrashing horror misses you.
The thrashing horror tramples you but does no damage.
The wight closely misses you.
The thrashing horror roars!
The thrashing horror completely misses you.
The thrashing horror tramples you but does no damage.
The boulder beetle leaps!
The thrashing horror tramples you.
* * * LOW HITPOINT WARNING * * *
You stumble backwards!
The thrashing horror barely misses you.
You block the thrashing horror's attack.
The orb spider weaves a glowing orb of energy.
An orb of destruction comes into view.
As you read the scroll of teleportation, it crumbles to dust.
You feel strangely stable. The thrashing horror tramples you.
You stumble backwards!
The orb of destruction hits you!!!
You die...

.# #. #.# ##.### .#
##.##....#####..#.
.....#......#.....
#.......#........ #
#............... .
#......z...# (.
..####..X○○○sB(?#.#
#........@.#+#.##≈.#(≈(
#.......##.# #zB(.B≈.(.
##########'# ###≈(.° ..
... (...### .... #≈.##.
#....# ...#.. #....#
(.... ...# .≈. . .#.≈


You could see a boulder beetle, a thrashing horror, an orb spider and a wight.

Vanquished Creatures
  Fannar (D:10)
  A two-headed ogre (D:11)
  A thrashing horror (Abyss:2)
  Pikel (D:4)
  A worldbinder (Abyss:2)
  Joseph (D:9)
  Maggie (D:8)
  An unseen horror (D:7)
  Psyche (D:11)
  An efreet (Abyss:2)
  A troll (D:9)
  Prince Ribbit (D:9)
  A slime creature (D:7)
  A hornet (D:11)
  A vampire (D:11)
  A wraith (D:10)
  A wyvern (D:10)
  3 vampire mosquitoes (D:10)
  6 yaks
  A neqoxec (Abyss:2)
  3 steam dragons
  A large abomination (Abyss:2)
  3 acid dragons
  2 water moccasins
  2 orc warriors
  2 sky beasts
  A black bear (D:6)
  2 ice beasts
  5 centaurs
  An ogre (D:4)
  A phantom (D:6)
  2 lemures (D:4)
  A kobold brigand (D:8)
  Blork the orc (D:4)
  5 bullfrogs
  A wyvern zombie (D:6)
  A scorpion (D:5)
  A wyvern skeleton (D:6)
  5 killer bees (D:8)
  3 howler monkeys
  4 wights (D:10)
  5 centaur zombies
  8 jellies
  2 gnoll shamans
  4 orc priests
  A centaur skeleton (D:7)
  3 orc wizards
  7 iguanas
  A killer bee zombie (D:7)
  2 hound skeletons
  2 howler monkey zombies
  A howler monkey skeleton (D:3)
  15 gnolls
  4 adders (D:2)
  A shadow imp (D:5)
  An ufetubus (D:5)
  A worm (D:2)
  5 dart slugs
  18 orcs
  5 ball pythons
  24 endoplasms
  A giant cockroach (D:2)
  11 goblins
  5 hobgoblins
  2 jackals (D:5)
  3 quokkas
  9 bats
  2 frilled lizards
  9 kobolds
  6 rats
  A rat zombie (D:7)
233 creatures vanquished.

Vanquished Creatures (others)
  3 orcs (D:7)
  7 fungi
  12 plants
22 creatures vanquished.

Grand Total: 255 creatures vanquished

Notes
Turn   | Place    | Note
-------+----------+-------------------------------------------
     0 | D:1      | cbfl8 the Minotaur Berserker began the quest for the Orb.
     0 | D:1      | Reached XP level 1. HP: 19/19 MP: 0/0
   634 | D:1      | Reached XP level 2. HP: 27/27 MP: 1/1
  1184 | D:1      | Reached skill level 4 in Axes
  1552 | D:2      | Reached XP level 3. HP: 31/34 MP: 2/2
  1599 | D:2      | Reached ** piety under Trog
  1602 | D:2      | Reached skill level 1 in Short Blades
  1605 | D:2      | Found a faded altar of an unknown god.
  1804 | D:2      | Reached XP level 4. HP: 41/41 MP: 3/3
  2646 | D:3      | Found Votucocs's Book Shoppe.
  3050 | D:4      | Reached XP level 5. HP: 47/47 MP: 4/4
  3099 | D:4      | Noticed a lemure
  3099 | D:4      | Noticed a lemure
  3100 | D:4      | Noticed Pikel
  3100 | D:4      | Noticed a lemure
  3101 | D:4      | Noticed a lemure
  3105 | D:4      | Killed a lemure
  3108 | D:4      | Killed a lemure
  3115 | D:4      | Killed Pikel
  3116 | D:4      | Reached skill level 5 in Fighting
  3116 | D:4      | Reached skill level 1 in Stealth
  3116 | D:4      | Reached XP level 6. HP: 57/57 MP: 5/5
  3116 | D:4      | Reached XP level 7. HP: 62/62 MP: 6/6
  3203 | D:4      | Noticed Blork the orc
  3204 | D:4      | Found Zawaifih's Magic Scroll Shop.
  3216 | D:4      | Killed Blork the orc
  3217 | D:4      | Reached skill level 5 in Short Blades
  3471 | D:4      | Bought a scroll of identify for 24 gold pieces
  3572 | D:4      | Reached *** piety under Trog
  3834 | D:4      | Reached skill level 1 in Polearms
  4151 | D:5      | Entered Level 5 of the Dungeon
  4305 | D:5      | Reached skill level 5 in Armour
  4305 | D:5      | Reached XP level 8. HP: 58/71 MP: 7/7
  4323 | D:5      | Found a snail-covered altar of Cheibriados.
  4398 | D:5      | Identified the +3 chain mail of Liberalism {Int+2 Stlth+}
  5067 | D:6      | Reached skill level 5 in Axes
  5241 | D:6      | Found a staircase to the Ecumenical Temple.
  5268 | D:6      | Found Rikuski's Armour Shoppe.
  5556 | D:6      | Reached skill level 6 in Axes
  6073 | D:7      | Killed an unseen horror
  6074 | D:7      | Reached skill level 7 in Axes
  6074 | D:7      | Reached XP level 9. HP: 53/81 MP: 8/8
  6263 | D:7      | Reached **** piety under Trog
  6501 | D:7      | Reached skill level 8 in Axes
  6632 | D:7      | Found an ancient bone altar of Kikubaaqudgha.
  6944 | D:8      | Reached skill level 9 in Axes
  7200 | D:8      | Reached XP level 10. HP: 78/93 MP: 9/9
  7792 | D:8      | Noticed Maggie
  7808 | D:8      | Killed Maggie
  7809 | D:8      | Reached skill level 10 in Fighting
  7926 | D:8      | Reached skill level 10 in Axes
  7936 | D:8      | Reached ***** piety under Trog
  8375 | D:9      | Found Godofadgh's Distillery.
  8383 | D:9      | Bought a potion of heal wounds for 65 gold pieces
  8383 | D:9      | Bought a potion of curing for 39 gold pieces
  8474 | D:9      | Found Uggoleho's Jewellery Shop.
  8490 | D:9      | Found Vauxoq's Book Boutique.
  8697 | D:9      | Noticed Prince Ribbit
  8706 | D:9      | Killed Prince Ribbit
  8850 | D:9      | Noticed Joseph
  8866 | D:9      | Killed Joseph
  8911 | D:9      | Found Yhereill's Book Emporium.
  8971 | D:9      | Found a stormy altar of Qazlal.
  9080 | D:9      | Reached skill level 11 in Axes
  9259 | D:9      | Identified the +1 cloak of Azxutuge {-Tele rPois rC+++
                  | Stlth+}
  9313 | D:9      | Found Jurrusu Nihe's Weapon Shoppe.
  9474 | D:10     | Entered Level 10 of the Dungeon
  9522 | D:10     | Found a staircase to the Orcish Mines.
  9691 | D:10     | Found a shimmering altar of Xom.
  9798 | D:10     | Reached skill level 1 in Shields
 10020 | D:10     | Noticed Fannar
 10031 | D:10     | Killed Fannar
 10032 | D:10     | Reached skill level 10 in Armour
 10128 | D:10     | Reached XP level 11. HP: 102/102 MP: 10/10
 10769 | D:11     | Found a staircase to the Lair.
 10776 | D:11     | Noticed Psyche
 10781 | D:11     | Killed Psyche
 10900 | D:11     | Noticed a two-headed ogre
 10912 | D:11     | Noticed a wizard
 10917 | D:11     | Killed a two-headed ogre
 10918 | D:11     | Reached skill level 12 in Axes
 10922 | D:11     | Cast into level 2 of the Abyss (a wizard)
 10966 | Abyss:2  | Found a corrupted altar of Lugonu.
 11007 | Abyss:2  | Noticed a red very ugly thing
 11007 | Abyss:2  | Noticed a brown very ugly thing
 11008 | Abyss:2  | Noticed an ironbound thunderhulk
 11009 | Abyss:2  | Noticed a starcursed mass
 11023 | Abyss:2  | Paralysed by accursed screaming for 2 turns
 11091 | Abyss:2  | Noticed a thrashing horror
 11096 | Abyss:2  | Killed a thrashing horror
 11098 | Abyss:2  | Noticed an orb spider
 11098 | Abyss:2  | Noticed a boulder beetle
 11102 | Abyss:2  | Noticed a boulder beetle
 11108 | Abyss:2  | Noticed a thrashing horror
 11110 | Abyss:2  | Noticed a boulder beetle
 11115 | Abyss:2  | Blown up by an orb spider

Illustrated notes

Levels and vault maps discovered:
D:1:      dpeg_arrival_court, layout_basic
D:2:      layout_loops_ring, shapermc_ecumenical_altar_mp_ritualfount
D:3:      layout_loops_cross, serial_shops, shop
D:4:      layout_loops_ring, serial_shops, shop, uniq_blork_the_orc, uniq_pikel
D:5:      wad_lake_hut, layout_cave_pools, nicolae_overflow_hidden_temple
D:6:      layout_basic, minmay_temple_entry_slanted, serial_shops, shop
D:7:      lemuel_slime, layout_rooms, lemuel_zombie_altar_kikubaaqudgha
D:8:      layout_layer_cave, uniq_maggie
D:9:      layout_stronghold, kennysheep_mini_moat, serial_shops,
          nicolae_shop_hallway_plus, kennysheep_little_box,
          nicolae_shop_crystal, shop, nicolae_stop_n_shop_2, uniq_harold,
          uniq_joseph, uniq_prince_ribbit1
D:10:     layout_layer_cave, dk_xom_monty_hall, orc_0_dummy, uniq_fannar
D:11:     layout_long_grid, lair_entry_dummy, minmay_fractal_squares_diagonal_5,
          uniq_psyche
Abyss:2:  base: D:1, evilmike_abyss_exit_1, minivault_11,
          hangedman_stitches_earthworm

Skill      XL: |  1  2  3  4  5  6  7  8  9 10 11 |
---------------+----------------------------------+-----
Fighting       | 4 5 6 8 9 11 | 11.8
Axes           | 4 7 9 11 12 | 12.1
Short Blades   | 1 2 4 5 |  5.4
Dodging        | 3 4 |  4.9
Armour         | 4 5 6 8 10 | 10.9
Stealth        | 1 |  1.5
Polearms       | 2 |  2.9
Shields        | 1 |  1.6

Action                   |  1- 3 |  4- 6 |  7- 9 | 10-12 || total
-------------------------+-------+-------+-------+-------++-------
Melee: Rapier            |    78 |    42 |    37 |       ||   157
       Headbutt          |     5 |     6 |    49 |    60 ||   120
       Punch             |     1 |       |     2 |       ||     3
       Halberd           |       |       |    76 |       ||    76
       War axe           |       |       |   226 |   217 ||   443
Invok: Berserk           |       |     1 |     5 |     5 ||    11
       Trog's Hand       |       |       |     1 |     2 ||     3
       Brothers in Arms  |       |       |       |     1 ||     1
  Use: Potion            |       |       |     2 |     1 ||     3
       Scroll            |       |       |     5 |     5 ||    10
Armor: Animal skin       |     7 |       |       |       ||     7
       Leather armour    |    25 |     7 |       |       ||    32
       Ring mail         |       |     1 |     8 |       ||     9
       Plate armour      |       |       |   112 |       ||   112
       Skin              |       |       |     3 |       ||     3
       Chain mail        |       |       |   229 |   118 ||   347
Dodge: Dodged            |    62 |    23 |   193 |    95 ||   373
       Repelled          |       |     1 |     5 |     2 ||     8
Block: Buckler           |       |       |       |    36 ||    36
